 Dungeon Crawl Stone Soup version 0.27.1-35-g4d5d836560 (webtiles) character file.

Game seed: 17633195470690665306

1329 tkbsonic5 the Chopper (level 8, 0/70 HPs)
             Began as a Minotaur Monk on Jan 1, 2023.
             Killed from afar by a white imp (12 damage)
             ... with a puff of frost
             ... on level 6 of the Dungeon.
             The game lasted 00:21:26 (5692 turns).

tkbsonic5 the Chopper (Minotaur Monk)               Turns: 5692, Time: 00:21:26

Health: 0/70       AC: 10    Str: 19    XL:     8   Next: 34%
Magic:  7/7        EV:  9    Int:  7    God:
Gold:   174        SH:  0    Dex: 12    Spells: 7/7 levels left

rFire    + . .     SeeInvis .   k - +2 shortbow (flame)
rCold    . . .     Faith    .   (shield currently unavailable)
rNeg     . . .     Spirit   .   f - +1 chain mail
rPois    .         Reflect  .   (helmet restricted)
rElec    .         Harm     .   (no cloak)
rCorr    .         Rampage  .   (no gloves)
Will     .....                  (no boots)
Stlth    ..........             (no amulet)
HPRegen  0.21/turn              n - ring of protection from fire
MPRegen  0.10/turn              (no ring)

@: no status effects
A: horns 2, retaliatory headbutt
a: no special abilities


You were on level 6 of the Dungeon.
You visited 1 branch of the dungeon, and saw 6 of its levels.

You collected 174 gold pieces.

Inventory:

Hand Weapons
 g - a +0 quarterstaff
 i - a +1 war axe of protection
 k - a +2 shortbow of flaming (weapon)
 w - a +0 mace of protection
Missiles
 e - 17 bolts
 h - 9 boomerangs
 l - 63 arrows (quivered ammo)
 m - 9 poisoned darts
Armour
 f - a +1 chain mail (worn)
 p - a +0 tower shield
 r - a +2 leather armour of cold resistance
Jewellery
 n - a ring of protection from fire (left hand)
 q - an amulet of magic regeneration
 t - a ring of magical power
Wands
 s - a wand of paralysis (8)
Scrolls
 a - 2 scrolls of identify
 c - 2 scrolls of amnesia
 d - 2 scrolls of magic mapping
Potions
 b - 2 potions of flight
 j - a potion of curing
 o - a potion of mutation
 u - a potion of attraction {unknown}


   Skills:
 + Level 6.1 Fighting
 * Level 7.3 Axes
 * Level 0.1(4.7) Maces & Flails
 - Level 2.0 Staves
 * Level 3.7 Bows
 - Level 2.9 Throwing
 + Level 4.6 Armour
 + Level 5.2 Dodging
 - Level 1.5 Stealth


You had 7 spell levels left.
You didn't know any spells.
Your spell library contained the following spells:

 Spells                   Type           Power      Damage    Failure   Level
 Slow                     Hex            0%         N/A       100%        2
 Confusing Touch          Hex            0%         N/A       100%        3
 Gell's Gravitas          Tloc           0%         N/A       100%        3
 Lesser Beckoning         Tloc           0%         N/A       100%        3
 Teleport Other           Tloc           0%         N/A       100%        3
 Vampiric Draining        Necr           0%         2d6       100%        3


Dungeon Overview and Level Annotations

Branches:
Dungeon (6/15)
 Temple: D:4-7

Altars:

Shops:
D:2 :

Annotations:
D:5 1 runed translucent door, Crazy Yiuf


Innate Abilities, Weirdness & Mutations

You have a pair of horns on your head.
You reflexively headbutt those who attack you in melee.


Message History

The centaur is almost dead.
The centaur shoots an arrow.
The arrow hits you.
You shoot an arrow. The arrow hits the orc.
The arrow burns the orc.
You kill the orc!
The centaur shoots an arrow.
The arrow hits you.
An orc comes into view. It is wielding a +0 dagger.
The centaur shoots an arrow.
The arrow hits you!
An orc warrior comes into view. It is wielding a +0 flail.
A white imp comes into view.
The centaur shoots an arrow.
The arrow barely misses you.
You hear a shout!
Okay, then.
Okay, then.
You shoot an arrow. The arrow hits the orc.
The arrow burns the orc.
You kill the orc!
The centaur shoots an arrow.
The arrow hits you!
The centaur shoots an arrow.
The arrow barely misses you.
Fire: 64 arrows
Press: ? - help, Q - select action, (/) - cycle Shift-Dir - straight line, f - white imp
Aim: a white imp (63% to hit)
You shoot an arrow. The arrow hits the white imp.
The arrow burns the white imp.
The white imp is heavily wounded.
Fire: 63 arrows
Press: ? - help, Q - select action, (/) - cycle Shift-Dir - straight line, f/p - white imp
Aim: a white imp (heavily wounded, 64% to hit)
Okay, then.
The white imp gestures at you. The puff of frost hits you.
The centaur shoots an arrow.
The arrow hits you!
The centaur shoots an arrow.
The arrow closely misses you.
The centaur shoots an arrow.
The arrow hits you!
* * * LOW HITPOINT WARNING * * *
As you read the scroll labelled MEZXE GIREAGURPH, it crumbles to dust.
It is a scroll of enchant armour.
Your +0 chain mail glows green for a moment.
The centaur shoots an arrow.
The arrow hits you!
* * * LOW HITPOINT WARNING * * *
The white imp gestures at you. The puff of frost hits you!
You die...

..................#.#.....
############.######.#.....
#..# #.###.#. ###### ##.## #.#
#.#. #....# #..# #.# #.#.
#....# ######.# #.# #.#.
..)#..c.#####......####.###...
.((...o5......................
o#.##########@......###.#####.
#######.###.##....
#..##.##.### ##.##.##.#..
#.>#.##.#.# #########.#.##.#.#
#.........#.##.#.#
#...........##.#..
#..........[##....


You could see a centaur, a white imp and an orc.

Vanquished Creatures
  Eustachio (D:5)
  A water moccasin (D:5)
  2 sky beasts
  2 centaurs (D:5)
  A wyvern zombie (D:6)
  2 scorpions (D:5)
  A water moccasin zombie (D:5)
  2 centaur zombies
  3 hounds
  A jelly (D:4)
  A scorpion zombie (D:5)
  Ijyb (D:5)
  3 orc wizards (D:4)
  7 adders
  3 ufetubi
  3 worms
  A dart slug (D:1)
  25 orcs
  2 bats
  5 endoplasms
  3 giant cockroaches
  8 hobgoblins
  2 jackals (D:5)
  6 quokkas
  8 ball pythons
  A ball python zombie (D:3)
  3 frilled lizards
  11 goblins
  3 kobolds
  4 rats
116 creatures vanquished.

Notes
Turn   | Place    | Note
-------+----------+-------------------------------------------
     0 | D:1      | tkbsonic5 the Minotaur Monk began the quest for the Orb.
     0 | D:1      | Reached XP level 1. HP: 19/19 MP: 0/0
   261 | D:1      | Reached XP level 2. HP: 26/27 MP: 1/1
   294 | D:1      | Reached skill level 4 in Axes
   756 | D:2      | Reached skill level 1 in Armour
   770 | D:2      | Found Wuzxin's Book Emporium.
   935 | D:2      | Reached skill level 1 in Throwing
   935 | D:2      | Reached XP level 3. HP: 31/33 MP: 2/2
  1028 | D:2      | Found a faded altar of an unknown god.
  1294 | D:2      | Reached XP level 4. HP: 38/40 MP: 3/3
  2211 | D:3      | You fall into a shaft and drop 1 floor!
  2356 | D:4      | Reached XP level 5. HP: 41/47 MP: 4/4
  2867 | D:4      | Reached skill level 5 in Axes
  3001 | D:4      | Reached skill level 1 in Staves
  3316 | D:4      | Reached XP level 6. HP: 20/55 MP: 5/5
  3665 | D:5      | Entered Level 5 of the Dungeon
  3712 | D:5      | Reached skill level 5 in Fighting
  3946 | D:5      | Reached XP level 7. HP: 61/61 MP: 6/6
  4163 | D:5      | Found a runed translucent door.
  4164 | D:5      | Noticed Crazy Yiuf
  4200 | D:5      | Reached skill level 6 in Axes
  4200 | D:5      | Reached skill level 1 in Bows
  4580 | D:5      | Noticed Eustachio
  4632 | D:5      | Killed Eustachio
  4718 | D:5      | Noticed Ijyb
  4729 | D:5      | Killed Ijyb
  4781 | D:5      | Reached skill level 5 in Dodging
  4781 | D:5      | Reached XP level 8. HP: 54/70 MP: 7/7
  4887 | D:5      | Reached skill level 7 in Axes
  5692 | D:6      | Killed from afar by a white imp

Illustrated notes

Levels and vault maps discovered:
D:1:      eino_arrival_tree_alley, layout_rooms, serial_corexii_hall,
          chequers_hall_statues_wall_a, corexii_hall_statues_i
D:2:      layout_loops_ring, ebering_ecumenical_altar_mist, serial_shops,
          nicolae_shop_statue_plus
D:3:      minmay_spotlight, layout_loops_ring, minmay_fractal_squares_diagonal_5
D:4:      layout_loops_ring
D:5:      layout_loops_ring, hangedman_abyss_or_decor_slice,
          kennysheep_cross_bottleneck, uniq_ijyb, uniq_eustachio,
          uniq_crazy_yiuf_cottage
D:6:      layout_basic

Skill      XL: |  1  2  3  4  5  6  7  8 |
---------------+-------------------------+-----
Axes           | 4 5 6 7 |  7.3
Armour         | 1 2 3 4 |  4.6
Throwing       | 1 2 |  2.9
Fighting       | 4 5 6 |  6.1
Dodging        | 4 5 |  5.2
Staves         | 1 2 |  2.0
Bows           | 3 |  3.7
Maces & Flails | |  0.1
Stealth        | |  1.5

Action                   |  1- 3 |  4- 6 |  7- 9 || total
-------------------------+-------+-------+-------++-------
Melee: Hand axe          |    82 |    30 |       ||   112
       Headbutt          |     7 |    26 |    13 ||    46
       War axe           |       |   146 |    62 ||   208
 Fire: Shortbow          |       |       |    33 ||    33
Throw: Stone             |    36 |     5 |       ||    41
       Boomerang         |       |    97 |    10 ||   107
  Use: Scroll            |     1 |     6 |     3 ||    10
       Potion            |       |     2 |       ||     2
 Stab: Sleeping          |     1 |       |       ||     1
Armor: Robe              |     3 |       |       ||     3
       Chain mail        |    35 |   109 |    63 ||   207
       Scale mail        |     3 |       |       ||     3
Dodge: Dodged            |    33 |    70 |    39 ||   142
